 Dungeon Crawl Stone Soup version 0.29.1-13-g9f3cf754e1 (webtiles) character file.

Game seed: 5247373329513459190

9847 H0rd4k the Thaumaturge (level 11, -10/82 HPs)
             Began as an Octopode Artificer on Jan 31, 2023.
             Was an Initiate of Gozag.
             Mangled by a vampire (11 damage)
             ... on level 10 of the Dungeon.
             The game lasted 00:21:06 (17735 turns).

H0rd4k the Thaumaturge (Octopode Artificer)        Turns: 17735, Time: 00:21:06

Health: -10/82     AC:  1    Str: 18    XL:     11   Next: 52%
Magic:  34/34      EV: 13    Int: 18    God:    Gozag
Gold:   1377       SH:  0    Dex: 12    Spells: 27/31 levels left

rFire   + + .      SeeInvis .     - Unarmed
rCold   x . .      Faith    .   (no shield)
rNeg    . . .      Spirit   .   (helmet restricted)
rPois   .          Reflect  .   (no amulet)
rElec   .          Harm     .   i - ring of wizardry
rCorr   .          Rampage  .   v - ring of fire
Will    .....                   G - +6 ring of strength
Stlth   +++.......              b - ring of protection from fire
HPRegen 0.23/turn               I - ring of magical power
MPRegen 0.24/turn               (no ring)
                                (no ring)
                                (no ring)

@: no status effects
A: almost no armour, amphibious, 8 rings, camouflage 1, gelatinous body 1,
(nimble swimmer 1), tentacles
a: Renounce Religion, Potion Petition, Call Merchant, Bribe Branch


You were on level 10 of the Dungeon.
You worshipped Gozag.
Gozag was most pleased with you.
You visited 2 branches of the dungeon, and saw 11 of its levels.
You also visited: Ossuary.

You collected 1508 gold pieces.
You paid 131 gold pieces to Gozag.

Inventory:

Missiles
 e - 41 poisoned darts
 n - 2 throwing nets
Magical Staves
 E - a staff of cold
 H - a staff of air
Jewellery
 a - an amulet of guardian spirit
 b - a ring of protection from fire (on tentacle)
 i - a ring of wizardry (left tentacle)
 v - a ring of fire (right tentacle)
 G - a +6 ring of strength (on tentacle)
 I - a ring of magical power (on tentacle)
Wands
 c - a wand of iceblast (4)
 d - a wand of quicksilver (2)
Scrolls
 f - 3 scrolls of amnesia
 g - 3 scrolls of teleportation
 h - 2 scrolls of immolation
 m - a scroll of poison {unknown}
 s - a scroll of enchant armour
 w - 4 scrolls of vulnerability
 F - a scroll of fear
Potions
 j - a potion of flight {unknown}
 k - a potion of invisibility
 l - a potion of cancellation
 o - a potion of ambrosia {unknown}
 t - 3 potions of attraction
 z - 4 potions of degeneration
 B - 2 potions of lignification
 C - 3 potions of might
 D - a potion of resistance
 J - a potion of magic


   Skills:
 + Level 10.4 Fighting
 - Level 2.3 Dodging
 - Level 1.3 Stealth
 - Level 5.1 Unarmed Combat
 * Level 10.6 Spellcasting
 * Level 8.2 Poison Magic
 - Level 3.2 Evocations


You had 27 spell levels left.
You knew the following spells:

 Your Spells              Type           Power      Damage    Failure   Level
a - Olgreb's Toxic Radia  Pois           39%        N/A       1%          4

Your spell library contained the following spells:

 Spells                   Type           Power      Damage    Failure   Level
 Spider Form              Tmut/Pois      24%        N/A       1%          3
 Magic Dart               Conj           36%        1d4       3%          1
 Necrotise                Necr           36%        1d5       3%          1
 Sandblast                Erth           18%        2d7       3%          1
 Summon Small Mammal      Summ           36%        N/A       3%          1
 Ensorcelled Hibernation  Hex/Ice        18%        N/A       4%          2
 Passwall                 Tmut/Erth      7%         N/A       4%          2
 Searing Ray              Conj           18%        2d5       4%          2
 Static Discharge         Conj/Air       9%         3-5/arc   4%          2
 Call Canine Familiar     Summ           9%         N/A       9%          3
 Portal Projectile        Hex/Tloc       18%        N/A       9%          3
 Stone Arrow              Conj/Erth      18%        3d8       9%          3
 Summon Guardian Golem    Hex/Summ       9%         N/A       9%          3
 Vampiric Draining        Necr           9%         2d6       9%          3
 Anguish                  Hex/Necr       4%         N/A       28%         4
 Dispel Undead            Necr           9%         3d8       28%         4
 Fulminant Prism          Conj/Hex       4%         3d6       28%         4
 Sticky Flame             Conj/Fire      14%        2d4       28%         4
 Agony                    Necr           9%         N/A       61%         5
 Ozocubu's Refrigeration  Ice            4%         4d8       100%        7
 Ignition                 Fire           7%         3d4       100%        8
 Chain Lightning          Conj/Air       4%         3d6       100%        9
 Fire Storm               Conj/Fire      7%         8d2       100%        9
 Polar Vortex             Ice            4%         N/A       100%        9
 Shatter                  Erth           4%         3d8*      100%        9


Dungeon Overview and Level Annotations

Branches:
Dungeon (10/15)            Temple (1/1) D:7            Lair (0/5) D:9
Ossuary (visited)
    Orc: D:9-12

Altars:
Ashenzari
Cheibriados
Dithmenos
Elyvilon
Fedhas
Gozag
Hepliaklqana
Kikubaaqudgha
Makhleb
Nemelex Xobeh
Okawaru
Qazlal
Ru
Sif Muna
Trog
Uskayaw
Vehumet
Wu Jian
Xom
Yredelemnul
Zin

Shops:
D:1 ?   D:8 (

Annotations:
D:4 exclusion: mummy
D:7 exclusion: downstairs
D:8 exclusion: downstairs, Gastronok
D:9 exclusion: ugly thing


Innate Abilities, Weirdness & Mutations

You cannot wear most types of armour.
You are amphibious.
You can wear up to eight rings at the same time.
Your skin changes colour to match your surroundings (Stealth+).
Your rubbery body absorbs attacks. (AC +1, EV +1)
((You are camouflaged when in or above water. (Stealth+)))
You have tentacles for arms and can constrict up to eight enemies at once.


Message History

The vampire is almost destroyed.
You constrict the vampire, but do no damage.
The vampire draws life force from you.
The vampire is healed by the life force!
You bump into the stone wall.
You constrict the vampire, but do no damage.
The vampire casts a spell.
The vampire flickers and vanishes!
Deactivating autopickup; reactivate with Ctrl-A.
You release your grip on something.
Something barely misses you. Something bites you!
Something draws strength from your injuries!
You miss something. Something hits you! Something bites you!
Something draws strength from your injuries!
You closely miss something. Something hits you!
Something bites you but does no damage.
You're too confused to move!
Something hits you. Something bites you.
Something draws strength from your injuries!
You bump into the stone wall.
Something hits you!
* * * LOW HITPOINT WARNING * * *
Something bites you.
* * * LOW HITPOINT WARNING * * *
Something draws strength from your injuries!
You closely miss something. Your squeeze misses something.
You feel less confused. Something barely misses you. Something bites you.
* * * LOW HITPOINT WARNING * * *
Something draws strength from your injuries!
You closely miss something. Something completely misses you.
Something bites you!
* * * LOW HITPOINT WARNING * * *
Something draws strength from your injuries!
Unknown command.
Okay, then.
Unknown command.
You can't see any enemies this would affect, really read the scroll of fear?
As you read the scroll of fear, it crumbles to dust.
You assume a fearsome visage.
Nothing appears to happen.
Something hits you!
You die...
Your body crumbles into a pile of gold.

## . ##. . # ###... ..
####.... .<.
..#...########+###....
#.....................
......................
.....###'#####'#####+#
.....# ##.##..#(@#
.....## ##.#..#{.#
.....'###.#+.....+
.##..#.#.###..#..#
###..##.## #..#..# #
#..###+ ###+### ...#
.....# $ .....+


There were no monsters in sight!

Vanquished Creatures
  A two-headed ogre (D:9)
  Maggie (D:8)
  3 komodo dragons (D:9)
  Prince Ribbit (D:7)
  2 wyverns (D:9)
  15 yaks
  4 steam dragons
  A water moccasin (D:6)
  3 orc warriors (D:8)
  A swamp drake (D:9)
  4 black bears
  An ogre (D:7)
  4 centaurs
  2 elf zombies (Ossuary)
  4 kobold brigands
  3 bullfrogs
  2 gnoll sergeants
  2 scorpions
  A necrophage (D:7)
  13 wights
  20 killer bees
  4 howler monkeys
  3 hounds
  4 jellies
  3 orc priests
  2 human zombies (Ossuary)
  2 gnoll boudas
  5 iguanas
  5 orc wizards
  2 mummies (Ossuary)
  16 gnolls
  7 adders
  2 white imps
  4 adder zombies (Ossuary)
  3 worms
  2 dart slugs (D:2)
  24 orcs
  7 bats
  4 endoplasms
  A giant cockroach (D:4)
  5 goblins
  14 hobgoblins
  25 kobolds
  2 quokkas (D:1)
  8 ball pythons
  A frilled lizard (D:1)
  8 hobgoblin zombies (Ossuary)
  2 jackal zombies (Ossuary)
  13 kobold zombies (Ossuary)
  5 orc zombies (Ossuary)
  6 rats
  A rat zombie (Ossuary)
278 creatures vanquished.

Vanquished Creatures (collateral kills)
  A gnoll bouda (D:5)
  3 adders
  5 gnolls
  2 hobgoblins (D:4)
  A kobold (D:4)
12 creatures vanquished.

Vanquished Creatures (others)
  2 gnolls (D:2)
  A kobold (D:2)
  A fungus (D:1)
  10 plants
14 creatures vanquished.

Grand Total: 304 creatures vanquished

Notes
Turn   | Place    | Note
-------+----------+-------------------------------------------
     0 | D:1      | H0rd4k the Octopode Artificer began the quest for the Orb.
     0 | D:1      | Reached XP level 1. HP: 13/13 MP: 1/1
    36 | D:1      | Found Peuczura's Magic Scroll Emporium.
   192 | D:1      | Reached XP level 2. HP: 13/18 MP: 2/2
   412 | D:1      | Reached skill level 1 in Spellcasting
   602 | D:1      | Reached XP level 3. HP: 12/24 MP: 4/4
  1111 | D:1      | Reached skill level 1 in Unarmed Combat
  1116 | D:1      | Found a faded altar of an unknown god.
  1549 | D:2      | Reached XP level 4. HP: 30/30 MP: 6/6
  2472 | D:3      | Reached XP level 5. HP: 24/35 MP: 8/8
  2663 | D:3      | Found a white marble altar of Elyvilon.
  2664 | D:3      | Found a hazy altar of Hepliaklqana.
  3497 | D:4      | Noticed a black bear
  3505 | D:4      | Found a sand-covered staircase.
  3550 | Ossuary  | Entered an ossuary
  3813 | Ossuary  | Reached XP level 6. HP: 31/42 MP: 9/9
  4293 | Ossuary  | Reached XP level 7. HP: 26/46 MP: 11/11
  4539 | D:4      | Reached skill level 5 in Unarmed Combat
  5433 | D:4      | Found a snail-covered altar of Cheibriados.
  5856 | D:5      | Entered Level 5 of the Dungeon
  6110 | D:5      | Reached XP level 8. HP: 32/54 MP: 14/14
  6128 | D:5      | Found a sacrificial altar of Ru.
  6288 | D:5      | Reached skill level 5 in Fighting
  6383 | D:5      | Reached skill level 5 in Spellcasting
  7095 | D:5      | Noticed a +0 falchion
  7095 | D:5      | Noticed a +0 dagger
  7096 | D:5      | Noticed a +0 dagger
  7096 | D:5      | Noticed a +0 short sword
  7097 | D:5      | Noticed a +0 spear
  7098 | D:5      | Noticed a +0 spear
  7098 | D:5      | Noticed a +0 short sword
  7098 | D:5      | Noticed a +0 falchion
  7101 | D:5      | Found a hide-covered altar of Uskayaw.
  7928 | D:6      | Reached XP level 9. HP: 54/63 MP: 18/18
  9443 | D:7      | Found a staircase to the Ecumenical Temple.
  9462 | Temple   | Entered the Ecumenical Temple
  9755 | Temple   | Became a worshipper of Gozag Ym Sagoz the Greedy
 10104 | D:7      | Found a blossoming altar of Fedhas.
 10409 | D:7      | Identified the +0 cloak "Nuppuawk" {Str+3}
 10433 | D:7      | Noticed Prince Ribbit
 10438 | D:7      | Killed Prince Ribbit
 10959 | D:8      | Reached XP level 10. HP: 50/74 MP: 21/21
 10977 | D:8      | HP: 5/112 [poisoned by a killer bee]
 10978 | D:8      | HP: 2/75 [poisoned by a killer bee]
 11763 | D:8      | Learned a level 4 spell: Olgreb's Toxic Radiance
 11920 | D:8      | Reached skill level 10 in Fighting
 12360 | D:8      | Found Jomm's Antique Weapon Shoppe.
 12450 | D:8      | Reached skill level 1 in Poison Magic
 12841 | D:8      | HP: 3/76 [poisoned by miscasting Olgreb's Toxic Radiance]
 13314 | D:8      | Noticed Maggie
 13466 | D:8      | Killed Maggie
 13913 | D:8      | Noticed Gastronok
 14387 | D:9      | Noticed a two-headed ogre
 14430 | D:9      | Reached skill level 5 in Poison Magic
 14705 | D:9      | HP: 3/77 [komodo dragon (21)]
 14730 | D:9      | Reached XP level 11. HP: 9/82 MP: 19/24
 15275 | D:9      | Got the Monograph on the Enchanting Winter
 15371 | D:9      | Reached skill level 10 in Spellcasting
 16219 | D:9      | Noticed a cyan ugly thing
 17186 | D:9      | Killed a two-headed ogre
 17406 | D:9      | Found a staircase to the Lair.
 17512 | D:10     | Entered Level 10 of the Dungeon
 17734 | D:10     | HP: 1/82 [something (15)]
 17735 | D:10     | Mangled by a vampire

Illustrated notes

Levels and vault maps discovered:
D:1:      heliophobic_arrival_ceremonial_halls, layout_basic, serial_shops,
          nicolae_shop_statue_plus, dreamdust_ecumenical_altar_grove,
          serial_park_tiny_pond
D:2:      layout_loops_cross, nrook_mini_backslash, nicolae_grassy_gnolls
D:3:      layout_basic, nicolae_overflow_two_pavilions,
          kennysheep_generic_room_6
D:4:      layout_layer_cave, chei_slow_surprise, enter_ossuary_5
D:5:      layout_gridville, nicolae_uskayaw_en_pointe, chequers_avenue,
          minmay_ruined_shrine
D:6:      layout_gridville, kennysheep_decorative_pillar
D:7:      layout_basic, mainiacjoe_overflow_paths, minmay_temple_entry_grid,
          uniq_prince_ribbit1
D:8:      minmay_skewed_foursquare, layout_basic, serial_shops, shop,
          kennysheep_generic_room_10, uniq_gastronok, uniq_maggie
D:9:      layout_rooms, erik_lair_dragon, chequers_serial_rivers_small_3,
          kennysheep_small_circle
D:10:     minmay_the_grid_square_5x5_4x4 [minmay_the_grid_square_5x5_v,
          minmay_the_grid_square_5x5_tetrominoes,
          minmay_the_grid_square_5x5_hollow_slash,
          minmay_the_grid_square_5x5_minivault,
          minmay_the_grid_square_5x5_inner_v,
          minmay_the_grid_square_5x5_prize_monsterx,
          minmay_the_grid_square_5x5_prize_open,
          minmay_the_grid_square_5x5_three, minmay_the_grid_square_5x5_z,
          minmay_the_grid_square_5x5_prize_junk,
          minmay_the_grid_square_5x5_prize_waves,
          minmay_the_grid_square_5x5_bridge, minmay_the_grid_square_5x5_minibox,
          minmay_the_grid_square_5x5_almost_minimal,
          minmay_the_grid_square_5x5_inner_i,
          minmay_the_grid_square_5x5_minimal], layout_rooms,
          nicolae_tso_swordbearing_angel, hangedman_decor_riveting
Temple:   eino_temple_scatter_basement

Skill      XL: |  1  2  3  4  5  6  7  8  9 10 11 |
---------------+----------------------------------+-----
Spellcasting   | 1 2 4 6 7 9 10 | 10.6
Fighting       | 2 3 4 6 9 10 | 10.4
Unarmed Combat | 1 2 4 5 |  5.1
Poison Magic   | 5 8 |  8.2
Dodging        | |  2.3
Stealth        | |  1.3
Evocations     | |  3.2

Action                   |  1- 3 |  4- 6 |  7- 9 | 10-12 || total
-------------------------+-------+-------+-------+-------++-------
Melee: Unarmed           |    83 |   202 |   220 |   225 ||   730
       Constrict         |    28 |    55 |    53 |    29 ||   165
       Tentacles         |    19 |    52 |    75 |    61 ||   207
       Punch             |     3 |     5 |    10 |     9 ||    27
 Cast: Olgreb's Toxic Ra |       |       |       |    63 ||    63
Evoke: Wand              |     2 |     6 |    50 |    13 ||    71
  Use: Scroll            |       |       |     9 |    12 ||    21
       Potion            |       |       |     3 |    12 ||    15
 Stab: Sleeping          |     6 |     9 |     5 |     1 ||    21
       Distracted        |       |     2 |       |     2 ||     4
Armor: Skin              |    12 |     8 |     8 |    16 ||    44
Dodge: Dodged            |    54 |   110 |   135 |   121 ||   420
